 Dungeon Crawl Stone Soup version 0.24-a0-619-gb7544fd237 (webtiles) character file.

Game seed: 3285233649925657052, levelgen mode: deterministic

51 Hempel the Firebug (level 3, -11/26 HPs)
             Began as a Demigod Fire Elementalist on Sept 17, 2019.
             Shot with an arrow by a centaur (13 damage)
             ... on level 2 of the Dungeon.
             The game lasted 00:11:05 (1229 turns).

Hempel the Firebug (Demigod Fire Elementalist)      Turns: 1229, Time: 00:11:06

Health: -11/26     AC:  2    Str: 11    XL:     3   Next: 36%
Magic:  6/8        EV: 13    Int: 21    God:
Gold:   77         SH:  0    Dex: 16    Spells: 5/6 levels left

rFire    . . .     SeeInvis .   (no weapon)
rCold    . . .     Gourm    .   (no shield)
rNeg     . . .     Faith    .   a - +0 robe
rPois    .         Spirit   .   (no helmet)
rElec    .         Reflect  .   (no cloak)
rCorr    .         Harm     .   (no gloves)
MR       .....                  (no boots)
Stlth    ++........             (no amulet)
HPRegen  0.08/turn              (no ring)
MPRegen  0.11/turn              (no ring)

@: no status effects
A: high mp 1
a: no special abilities


You were on level 2 of the Dungeon.
You were not hungry.

You visited 1 branch of the dungeon, and saw 2 of its levels.

You collected 77 gold pieces.

Inventory:

Missiles
 j - 44 stones (quivered)
 l - 2 arrows
Armour
 a - a +0 robe (worn)
Jewellery
 d - a cursed ring of teleportation {unknown}
   (You found it on level 1 of the Dungeon)
Scrolls
 c - a scroll of amnesia {unknown}
 h - 2 scrolls of identify {unknown}
 k - a scroll of magic mapping {unknown}
Potions
 f - a potion of mutation {unknown}
 g - a potion of degeneration {unknown}
 i - a potion of curing {unknown}
Comestibles
 b - 3 chunks of flesh
 e - 4 rations {!d}


   Skills:
 + Level 2.2 Dodging
 + Level 2.3 Stealth
 + Level 2.1 Spellcasting
 + Level 1.5 Conjurations
 + Level 3.0 Fire Magic


You had 5 spell levels left.
You knew the following spells:

 Your Spells              Type           Power        Failure   Level  Hunger
a - Flame Tongue          Conj/Fire      ##...        5%          1    #......

Your spell library contained the following spells:

 Spells                   Type           Power        Failure   Level  Hunger
 Throw Flame              Conj/Fire      ##....       9%          2    ##.....
 Conjure Flame            Conj/Fire      ##......     17%         3    ###....
 Inner Flame              Hex/Fire       #.......     24%         3    ###....
 Sticky Flame             Conj/Fire      ##......     50%         4    #####..
 Fireball                 Conj/Fire      ##........   83%         5    ######.


Dungeon Overview and Level Annotations

Branches:
Dungeon (2/15)


Innate Abilities, Weirdness & Mutations

You have an increased reservoir of magic. (+10% MP)


Message History

Aim: a rat (heavily wounded)
The flame tongue hits the rat!
You kill the rat!
You don't know that spell.
Welcome back, Hempel the Demigod Fire Elementalist.
You butcher the rat corpse.
b - 4 chunks of flesh (gained 1)
You see here a rat skeleton.
You are feeling hungry.
You see here a rat skeleton.
Eating one of 4 chunks of flesh.
You eat one of the 4 chunks of flesh.
Found a scroll labeled CUIGA ARUDWUOBI.
Found a ration.
k - a scroll labeled CUIGA ARUDWUOBI
e - 4 rations {!d} (gained 1)
Found a bubbling ruby potion.
A giant cockroach comes into view.
A giant cockroach is nearby!
A centaur comes into view.
Aim: a giant cockroach The flame tongue hits the giant cockroach.
The centaur shouts!
You hear an angry hiss.
The giant cockroach barely misses you.
Aim: a giant cockroach (heavily wounded)
The flame tongue hits the giant cockroach.
You kill the giant cockroach!
The centaur wields a +0 shortbow.
The centaur shoots an arrow.
The arrow hits you.
Aim: a centaur, wielding a +0 shortbow The flame tongue hits the centaur but does no damage.
An adder comes into view.
The centaur shoots an arrow.
The arrow hits you.
The adder hisses angrily.
l - 2 arrows The centaur shoots an arrow.
The arrow closely misses you.
There are no items here.
The centaur shoots an arrow.
The arrow barely misses you.
The centaur shoots an arrow.
The arrow hits you.
You see here an arrow.
A ball python comes into view.
The centaur shoots an arrow.
The arrow hits you!
Ouch! That really hurt!
* * * LOW HITPOINT WARNING * * *
You see here an arrow.
The centaur shoots an arrow.
The arrow barely misses you.
The centaur shoots an arrow.
The arrow misses you.
The centaur shoots an arrow.
The arrow misses you.
The centaur shoots an arrow.
The arrow hits you!
Ouch! That really hurt!
You die...

..# #...##......######......#
..###...##...........#......#
.รท......##......#....#......#
................#....#.......
................#....+.......
................#...c#.......
......#.........(..((.!......
......#.........(...#...#....
......#######...@.S.#...# .
...#### #.......#...# ...
#.(..####...#
.........######## #...#
....$...... . .....
.........#### .. ...... .
............ ... .# #........
.... ..###......###.....


You could see a centaur and an adder.

Vanquished Creatures
  An adder (D:2)
  3 worms (D:2)
  A dart slug (D:1)
  5 bats
  2 giant cockroaches (D:2)
  7 hobgoblins
  A kobold (D:2)
  A ball python (D:1)
  2 frilled lizards (D:2)
  3 goblins
  3 rats
29 creatures vanquished.

Notes
Turn   | Place    | Note
-------+----------+-------------------------------------------
     0 | D:1      | Hempel the Demigod Fire Elementalist began the quest for
                  | the Orb.
     0 | D:1      | Reached XP level 1. HP: 14/14 MP: 5/5
     7 | D:1      | Reached skill level 1 in Conjurations
   208 | D:1      | Reached XP level 2. HP: 20/20 MP: 1/7
   714 | D:2      | Reached skill level 3 in Fire Magic
   714 | D:2      | Reached XP level 3. HP: 20/26 MP: 3/8
  1218 | D:2      | Noticed a centaur
  1229 | D:2      | Shot with an arrow by a centaur

Levels and vault maps discovered:
D:1:      scummos_arrival_simple_fountains, layout_rooms, serial_curves,
          eino_curves_03, eino_curves_04
D:2:      minmay_alternating_diamond, layout_basic, first_ration

Skill      XL: |  1  2 |
---------------+-------+-----
Conjurations   | 1 |  1.5
Stealth        | 2 |  2.3
Dodging        | 2 |  2.2
Spellcasting   | 2 |  2.1
Fire Magic     | 3 |  3.0

Action                   || total
-------------------------++-------
Melee: Unarmed           ||     7
 Cast: Flame Tongue      ||    74
  Eat: Chunk             ||     2
Armor: Robe              ||    10
Dodge: Dodged            ||    29

Table legend:
 A = Non-vault XP
 B = Vault XP
 C = Vault XP percentage of total XP
 D = Non-vault monster count
 E = Vault monster count
 F = Vault count percentage of total count
                 A         B        C        D         E       F
            +---------+---------+-------+---------+---------+-------
      Total |      73 |       0 |   0.0 |      29 |       0 |   0.0
            +---------+---------+-------+---------+---------+-------
        D:1 |      25 |       0 |   0.0 |      13 |       0 |   0.0
        D:2 |      48 |       0 |   0.0 |      16 |       0 |   0.0
            +---------+---------+-------+---------+---------+-------
